 Seeded DCSS version 0.29-a0-298-g3c90f9a (webtiles) character file.

Game seed: 8598121536974683418 (custom seed)

312 Illumine the Slasher (level 6, -1/47 HPs)
             Began as a Human Abyssal Knight on Mar 22, 2022.
             Was a Believer of Lugonu.
             Slain by an orc
             ... wielding a +0 mace
              (2 damage)
             ... on level 5 of the Dungeon on Mar 23, 2022.
             The game lasted 00:08:20 (4944 turns).

Illumine the Slasher (Human Abyssal Knight)         Turns: 4944, Time: 00:08:21

Health: -1/47      AC:  6    Str: 16    XL:     6   Next: 71%
Magic:  4/9        EV: 10    Int: 10    God:    Lugonu [**....]
Gold:   156        SH:  0    Dex: 13    Spells: 5/5 levels left

rFire   . . .      SeeInvis .   a - +1 falchion
rCold   . . .      Faith    .   (no shield)
rNeg    . . .      Spirit   .   f - +0 ring mail
rPois   .          Reflect  .   (no helmet)
rElec   .          Harm     .   i - +0 cloak
rCorr   .          Rampage  .   (no gloves)
Will    .....                   (no boots)
Stlth   +.........              (no amulet)
HPRegen 0.15/turn               (no ring)
MPRegen 0.11/turn               (no ring)

@: no status effects
A: no striking features
a: Renounce Religion, Depart the Abyss, Bend Space


You were on level 5 of the Dungeon.
You worshipped Lugonu.
Lugonu was pleased with you.
You visited 1 branch of the dungeon, and saw 5 of its levels.
You visited the Abyss 1 time.

You collected 156 gold pieces.

Inventory:

Hand Weapons
 a - a +1 falchion (weapon)
 b - a +0 hunting sling
Missiles
 c - 143 stones (quivered)
Armour
 f - a +0 ring mail (worn)
 i - a +0 cloak (worn)
Scrolls
 h - a scroll of silence {unknown}
 k - a scroll of teleportation {unknown}
 l - a scroll of enchant armour {unknown}
 n - a scroll of identify
 p - a scroll of vulnerability {unknown}
 q - a scroll of magic mapping {unknown}
 r - a scroll of enchant weapon {unknown}
 s - 2 scrolls of immolation
Potions
 d - 2 potions of ambrosia {unknown}
 e - 2 potions of mutation {unknown}
 g - a potion of lignification {unknown}
 j - a potion of resistance
 m - 2 potions of heal wounds {unknown}
 o - 2 potions of curing {unknown}


   Skills:
 + Level 3.0 Fighting
 * Level 5.4 Long Blades
 + Level 2.0 Armour
 - Level 1.0 Dodging
 + Level 4.4 Invocations


You had 5 spell levels left.
You didn't know any spells.
Your spell library was empty.

Dungeon Overview and Level Annotations

Branches:
Dungeon (5/15)
 Temple: D:4-7

Altars:
Dithmenos

Annotations:
D:2 1 runed translucent door, Crazy Yiuf
D:4 Eustachio
Abyss:1 Menkaure


Message History

The orc hits you with a +0 club.
You hit the orc.
The orc is lightly wounded.
The orc closely misses you. The orc misses you.
You hit the orc.
The orc is lightly wounded.
The orc hits you with a +0 mace. The orc hits you with a +0 short sword.
The orc hits you with a +0 club.
An orc comes into view. It is wielding a +2 dagger of venom.
The orc hits you but does no damage. The orc hits you but does no damage.
The orc closely misses you.
Okay, then.
You barely miss the orc. The orc closely misses you. The orc barely misses you.
The orc hits you with a +0 club. The orc barely misses you.
The orc attacks as you move away! The orc barely misses you.
The orc attacks as you move away! The orc hits you with a +0 mace.
The orc attacks as you move away! The orc hits you but does no damage.
Space bends around you!
You blink.
The necrophage barely misses you. The orc hits you but does no damage.
The necrophage hits you. The orc hits you with a +0 club.
Space bends around you!
You blink.
The orc hits you with a +0 mace.
* * * LOW HITPOINT WARNING * * *
The orc hits you with a +0 short sword.
* * * LOW HITPOINT WARNING * * *
Space bends around you!
You blink.
As you read the scroll labelled QEQIEKK FYDGHOX, it crumbles to dust.
It is a scroll of identify.
Really abort (and waste the scroll)? [Y]es or [N]o only, please.
Really abort (and waste the scroll)?
s - 2 scrolls of immolation The orc misses you.
The orc hits you but does no damage. The orc attacks as you move away!
The orc hits you with a +0 mace.
* * * LOW HITPOINT WARNING * * *
Space bends around you!
You blink.
The orc warrior barely misses you. The orc hits you but does no damage.
The orc wizard hits you but does no damage.
Space bends around you!
You blink.
The orc hits you with a +0 mace.
You die...

#...##..##
##..##..##
##..##...#
#........#
#...##..##
#...##..##
##..##...#
###'##..######
#..<#^..##.@§#
#...##..##ooo#
#...###'##§oo#
#....#...#oon#
#....#...#.o.#
##..##.o.o...#
#..##..######
...#.o.##
+..o.#


You could see an orc warrior, a necrophage, an orc wizard and 7 orcs.

Vanquished Creatures
  A jelly (D:3)
  An orc priest (D:4)
  An iguana (D:3)
  An orc wizard (D:3)
  2 adders
  A worm zombie (D:4)
  A worm (D:3)
  A dart slug (D:4)
  5 orcs
  4 bats
  4 endoplasms
  7 goblins
  4 hobgoblins
  3 quokkas (D:3)
  7 ball pythons
  4 frilled lizards
  10 kobolds
  4 rats
61 creatures vanquished.

Notes
Turn   | Place    | Note
-------+----------+-------------------------------------------
     0 | Abyss:1  | Illumine the Human Abyssal Knight began the quest for the
                  | Orb.
     0 | Abyss:1  | Reached XP level 1. HP: 18/18 MP: 2/2
     3 | Abyss:1  | Found a corrupted altar of Lugonu.
     5 | D:1      | Escaped the Abyss
   271 | D:1      | Reached XP level 2. HP: 19/24 MP: 3/3
   470 | D:1      | Reached ** piety under Lugonu
   744 | D:1      | Reached skill level 3 in Long Blades
  1196 | D:2      | Found a shadowy altar of Dithmenos.
  1251 | D:2      | Reached XP level 3. HP: 29/29 MP: 4/4
  1533 | D:2      | Found a faded altar of an unknown god.
  1707 | D:2      | Found a runed translucent door.
  1708 | D:2      | Noticed Crazy Yiuf
  2217 | D:3      | Reached XP level 4. HP: 30/35 MP: 5/5
  2663 | D:4      | Reached skill level 4 in Long Blades
  2727 | D:4      | Noticed Menkaure
  3229 | D:3      | Reached XP level 5. HP: 5/41 MP: 4/7
  4117 | D:3      | Reached *** piety under Lugonu
  4412 | D:4      | Banished Menkaure
  4413 | D:4      | Reached skill level 5 in Long Blades
  4413 | D:4      | Reached XP level 6. HP: 47/47 MP: 3/9
  4486 | D:4      | Noticed Eustachio
  4802 | D:5      | Entered Level 5 of the Dungeon
  4918 | D:5      | Noticed an orc warrior
  4944 | D:5      | Slain by an orc

Illustrated notes

Levels and vault maps discovered:
D:1:      dpeg_arrival_ternary, layout_loops_ring
D:2:      layout_basic, basic_altar, shapermc_ecumenical_altar_flowoftime,
          kennysheep_generic_room_9, uniq_crazy_yiuf_cottage
D:3:      layout_loops_corners, kennysheep_generic_room_2
D:4:      layout_rooms, enter_ossuary_3, uniq_eustachio, uniq_menkaure
D:5:      layout_gridville, good_gods_temple_1, hex_tiny,
          chequers_serial_rivers_micro_b, uniq_sigmund

Skill      XL: |  1  2  3  4  5 |
---------------+----------------+-----
Long Blades    | 3 4 5 |  5.4
Invocations    | 3 4 |  4.4
Fighting       | |  3.0
Armour         | |  2.0
Dodging        | |  1.0

Action                   |  1- 3 |  4- 6 || total
-------------------------+-------+-------++-------
Melee: Falchion          |   105 |   113 ||   218
 Fire: Hunting sling     |     5 |     3 ||     8
Invok: Depart the Abyss  |     1 |       ||     1
       Bend Space        |       |     6 ||     6
       Banish            |       |     1 ||     1
  Use: Potion            |       |     1 ||     1
       Scroll            |       |     1 ||     1
 Stab: Sleeping          |     1 |       ||     1
Armor: Leather armour    |    13 |       ||    13
       Ring mail         |    20 |    54 ||    74
Dodge: Dodged            |    51 |    86 ||   137

Table legend: (Time is in decaauts)
 A = Elapsed time spent in this place.
 B = Non-inter-level travel time spent in this place.
 C = Inter-level travel time spent in this place.
 D = Time resting spent in this place.
 E = Time spent auto-exploring this place.
 F = Levels seen in this place.
 G = Mean time per level.
                   A        B        C        D        E       F      G
               +--------+--------+--------+--------+--------+-----+--------+
         Total |   4970 |   4778 |    192 |   1106 |   2864 |   6 |  828.3 |
       Dungeon |   4965 |   4773 |    192 |   1106 |   2864 |   5 |  993.0 |
         Abyss |      5 |      5 |      0 |      0 |      0 |   1 |    5.0 |
               +--------+--------+--------+--------+--------+-----+--------+

Top non-repeatable levels by time:
     D:3: 2092 daAuts
     D:1: 1071 daAuts
     D:2: 956 daAuts
     D:4: 703 daAuts
     D:5: 141 daAuts
 Abyss:1: 5 daAuts
